AoeStats
← Xtreme | ticohzao

African Clearing

506951061Analyzed
4v4 RM · 17d ago on Sep 15, 2026· 40m 10s· 8 players
Game mode
Random Map
Map size
Large (8 player)
Population
200
Speed
Normal
Resources
Standard
Victory
Conquest
Starting age
Dark Age
Ending age
Imperial Age
RankedLock teamsTeams togetherTeam positionsShared explorationLock speedFull tech treeHidden civsTurbo modeCheats
Victory
Defeat
🇪🇸 Vietnamese · Spain
1549
+12
🇪🇸 Cumans · Spain
1520
+13
🇪🇸 Huns · Spain
1516
+13
🇪🇸 Magyars · Spain
1496
+14
🇦🇷 Tatars · Argentina
1531
-15
🇧🇷 Hindustanis · Brazil
1478
-14
🇦🇷 Spanish · Argentina
1431
-12
🇧🇷 Persians · Brazil
1405
-11
__16_Bacalao_ARG
8:49 Loom
14:27 Feudal Age
19:07 Castle Age
18:29 Stone Mining
19:47 Double-Bit Axe
19:43 Horse Collar
Xtreme | ticohzao
3:18 Loom
13:28 Feudal Age
18:23 Castle Age
18:49 Husbandry
19:19 Scale Barding Armor
19:40 Gold Mining
19:53 Double-Bit Axe
23:31 Forging
26:15 Iron Casting
25:52 Horse Collar
27:43 Chain Barding Armor
28:31 Bloodlines
32:21 Wheelbarrow
32:22 Gold Shaft Mining
32:01 Heavy Plow
32:37 Town Watch
33:17 Bow Saw
35:09 Stone Mining
38:53 Imperial Age
36:32 Fletching
36:06 Pikeman
36:46 Squires
36:32 Gambesons
36:32 Arson
37:57 Scale Mail Armor
38:53 Hand Cart
38:36 Halberdier
40:05 Chain Mail Armor
41:17 Blast Furnace
lucho01Arg
14:39 Feudal Age
15:31 Double-Bit Axe
18:11 Castle Age
16:46 Stone Mining
18:11 Scale Barding Armor
18:16 Forging
19:20 Bow Saw
20:40 Loom
26:35 Chain Barding Armor
29:47 Iron Casting
36:10 Imperial Age
35:23 Wheelbarrow
36:10 Gold Mining
36:27 Horse Collar
38:06 Plate Barding Armor
38:03 Heavy Plow
Xtreme | Rayden
5:12 Loom
12:49 Feudal Age
16:43 Castle Age
15:23 Double-Bit Axe
19:55 Bow Saw
24:36 Scale Barding Armor
27:16 Forging
28:25 Husbandry
28:20 Town Watch
32:19 Wheelbarrow
33:32 Chain Barding Armor
35:04 Bloodlines
35:58 Horse Collar
CQ.TurpiAcho
12:13 Feudal Age
13:18 Double-Bit Axe
15:37 Fletching
15:44 Loom
21:36 Castle Age
23:51 Bow Saw
26:42 Town Watch
33:11 Wheelbarrow
34:28 Hand Cart
39:04 Imperial Age
37:22 Bloodlines
37:13 Husbandry
37:28 Scale Barding Armor
37:36 Forging
37:16 Horse Collar
38:52 Gold Mining
39:07 Cavalier
40:13 Chain Barding Armor
40:34 Gold Shaft Mining
41:09 Conscription
DK_Nightclaim
10:58 Loom
15:47 Feudal Age
19:22 Castle Age
17:49 Double-Bit Axe
17:45 Horse Collar
17:59 Fishing Lines
19:06 Fletching
20:57 Bow Saw
22:20 Bodkin Arrow
26:11 Gillnets
27:57 Wheelbarrow
28:23 Scale Mail Armor
29:12 Forging
29:32 Hand Cart
30:26 Chain Mail Armor
31:19 Iron Casting
31:09 Squires
33:35 Town Watch
37:15 Imperial Age
37:15 Arson
38:10 Scale Barding Armor
38:14 Gold Mining
39:06 Plate Mail Armor
39:39 Elite Fire Lancer
40:48 Paper Money
DK_Dani
6:06 Loom
13:34 Feudal Age
17:11 Castle Age
18:08 Double-Bit Axe
21:09 Scale Barding Armor
30:46 Horse Collar
34:14 Wheelbarrow
33:25 Town Watch
36:19 Bow Saw
36:19 Heavy Plow
40:15 Imperial Age
38:13 Gold Mining
39:26 Fletching
Vlad von Carstein
10:37 Loom
12:52 Feudal Age
14:29 Double-Bit Axe
16:48 Fishing Lines
18:19 Horse Collar
20:26 Wheelbarrow
25:06 Castle Age
24:36 Gold Mining
26:30 Scale Barding Armor
26:36 Forging
26:44 Hand Cart
26:41 Bow Saw
27:07 Gold Shaft Mining
26:23 Stone Mining
26:39 Heavy Plow
27:47 Bloodlines
27:59 Chain Barding Armor
30:53 Iron Casting
36:48 Imperial Age
37:02 Capped Ram
38:20 Plate Barding Armor
37:10 Cavalier
39:17 Blast Furnace
Connection lost

Rejoining the realm…

Still unreachable

The connection could not be restored.

Session expired

The server has moved on; the page needs a fresh start.